 Dungeon Crawl Stone Soup version 0.17.0-1-g61d176b (webtiles) character file.

7030 Ijustatesigmund the Basher (level 11, -1/66 HPs)
             Began as a Gargoyle Monk on Nov 7, 2015.
             Was an Elder of the Shining One.
             Slain by a hill giant
             ... wielding a cursed -2 giant club
              (24 damage)
             ... on level 10 of the Dungeon.
             The game lasted 00:32:21 (10573 turns).

Ijustatesigmund the Basher (Gargoyle Monk)         Turns: 10573, Time: 00:32:21

Health: -1/66      AC: 28    Str: 17    XL:     11   Next: 8%
Magic:  11/16      EV: 11    Int: 10    God:    the Shining One [****..]
Gold:   475        SH:  5    Dex: 14    Spells: 0 memorised, 10 levels left

rFire  . . .     SeeInvis .     m - +1 flail (protect)
rCold  + . .     Clarity  .     M - +4 scale mail {rC+}
rNeg   + + +     SustAt   +     N - +0 buckler
rPois  ∞         Gourm    .     L - +0 helmet
rElec  +         Spirit   .     (no cloak)
rCorr  .         Warding  .     f - +0 pair of gloves
rMut   .         Stasis   .     s - +0 pair of boots
MR     .....                    G - amulet of faith
Stlth  +.........               P - ring of sustain attributes
                                C - ring of stealth

@: glowing, not resistant to hostile enchantments, very unstealthy
A: negative energy resistance 1, electricity resistance, unbreathing,
petrification resistance, rot immunity, AC +7
a: Divine Shield, Cleansing Flame, Renounce Religion


You were on level 10 of the Dungeon.
You worshipped the Shining One.
The Shining One was greatly pleased with you.
You were very hungry.

You visited 1 branch of the dungeon, and saw 10 of its levels.
You also visited: Sewer.

You collected 603 gold pieces.
You spent 128 gold pieces at shops.

Inventory:

Hand Weapons
 c - a +3 mace
 l - a +2 morningstar
 m - a +1 flail of protection (weapon)
Armour
 f - a +0 pair of gloves (worn)
 s - a +0 pair of boots (worn)
 F - a +0 chain mail
 H - a +2 robe of fire resistance
 L - a +0 helmet (worn)
 M - a +4 scale mail of cold resistance (worn)
 N - a +0 buckler (worn)
Jewellery
 h - an uncursed ring of teleportation
 C - a ring of stealth (left hand)
 G - an amulet of faith (around neck)
 P - a ring of sustain attributes (right hand)
Wands
 n - a wand of slowing (17)
 w - a wand of slowing (48)
 B - a wand of lightning (4)
 I - a wand of disintegration (10)
 K - a wand of confusion (28)
 Q - a wand of flame (21)
 R - a wand of teleportation (6)
 S - a wand of hasting (2)
Scrolls
 a - 5 scrolls of remove curse
 r - a scroll of recharging
 t - 2 scrolls of fog
 x - 6 scrolls of teleportation
 y - a scroll of magic mapping
 z - 2 scrolls of blinking
 D - 2 scrolls of fear
Potions
 d - a potion of degeneration {unknown}
 e - 4 potions of heal wounds
 g - 2 potions of curing
 i - a potion of mutation
 j - 6 potions of magic {unknown}
 o - a potion of ambrosia {unknown}
 p - 2 potions of agility {unknown}
 q - 2 potions of invisibility
 u - a potion of might {unknown}
 v - 3 potions of flight {unknown}
 A - 3 potions of brilliance
 J - a potion of beneficial mutation {unknown}
Comestibles
 b - 8 bread rations
 k - 2 meat rations
 E - 9 royal jellies
 O - 6 fruits


   Skills:
 - Level 6.7 Fighting
 + Level 11.3 Maces & Flails
 - Level 7.0 Armour
 + Level 3.9 Dodging
 - Level 2.1 Stealth
 - Level 4.6 Shields
 - Level 4.0 Unarmed Combat
 - Level 7.0 Invocations


You had 10 spell levels left.
You didn't know any spells.

Dungeon Overview and Level Annotations

Branches:
Dungeon (10/15) Temple (0/1) D:5 Orc (0/4) D:9 D:10 Lair: D:8-11

Altars:
Ashenzari
Cheibriados
Gozag
Qazlal
Ru
Trog
Yredelemnul
The Shining One

Shops:
D:8 [   D:9 =


Innate Abilities, Weirdness & Mutations

You are resistant to torment.
Your stone body is resilient (AC +7).
You are immune to poison.
You resist negative energy.
You are resistant to electric shocks.
You can survive without breathing.
You are immune to petrification.
You are immune to rotting.


Message History

The wight is lightly damaged.
The Shining One accepts your kill.
You feel a bit more experienced.
You feel somewhat more hungry.
The orc priest calls down the wrath of Beogh upon you.
Something smites you! The wight hits you but does no damage.
You hit the hill giant.
The hill giant is heavily wounded.
The hill giant hits you with a giant club!
The orc priest mumbles some strange prayers to Beogh against you.
Something smites you! The wight closely misses you.
You hit the hill giant.
The hill giant is severely wounded.
The hill giant hits you with a giant club.
You thump the hill giant!
The hill giant is severely wounded.
The wight closely misses you.
You hit the hill giant but do no damage.
The hill giant is severely wounded.
The hill giant hits you with a giant club!!
You die...

.....# #....##.#(..##
#.......# .###.##
#.......#...# ###.....# ##
#..###....###..### ##....#
..###...###..#...## ##.##
#..............##### .#
>....######........# ##
##..### #.<#####.#
#...(######....##.########
#...#.(.##...##>@Co#.......
..#####(.....#####zoz......
.######(#.#..# #.o.......
.#......(....# ##........
...####.#.#.## #........
#.....# #........
####)##### ##....#.#
#.....# ....... #.....#
.##.#.#


You could see a hill giant, an orc warrior, 2 wights, an orc priest and an orc.

Vanquished Creatures
  An unseen horror (D:10)
  The ghost of Kolbur the Spear-Bearer, a novice MfIE of Makhleb (D:9)
  A trapdoor spider zombie (D:7)
  A two-headed ogre (D:8)
  Sigmund (D:3)
  2 soldier ants (D:9)
  A hungry ghost (D:7)
  Menkaure (D:7)
  A steam dragon (D:7)
  Edmund (D:6)
  A hippogriff (D:8)
  2 phantoms
  4 sky beasts
  An orc warrior (D:7)
  A spider (D:9)
  2 black bears
  2 ogres (D:9)
  A necrophage (D:8)
  4 centaurs
  8 giant frogs
  A water moccasin zombie (D:6)
  2 scorpions
  22 killer bees
  5 wights
  4 crimson imps
  5 hounds
  3 quasits
  4 orc priests
  6 worker ants
  4 jellies
  3 iguanas
  Ijyb (D:2)
  A giant frog skeleton (D:7)
  3 orc wizards
  A hound skeleton (D:4)
  10 gnolls
  10 adders
  8 river rats (Sewer)
  2 shadow imps
  An adder zombie (D:9)
  4 oozes
  An adder skeleton (D:6)
  2 worms
  21 orcs
  2 gnoll zombies (D:2)
  8 hobgoblins
  13 jackals
  3 quokkas (D:4)
  14 ball pythons
  5 bats
  11 giant cockroaches
  A giant cockroach zombie (D:5)
  5 giant geckos
  7 giant newts
  11 goblins
  8 kobolds
  24 rats
273 creatures vanquished.

Notes
Turn   | Place    | Note
--------------------------------------------------------------
     0 | D:1      | Ijustatesigmund the Gargoyle Monk began the quest for the Orb.
     0 | D:1      | Reached XP level 1. HP: 14/14 MP: 1/1
   456 | D:1      | Reached skill level 1 in Maces & Flails
   456 | D:1      | Reached XP level 2. HP: 16/19 MP: 2/2
  1300 | D:2      | Found a stormy altar of Qazlal.
  1337 | D:2      | Reached XP level 3. HP: 20/23 MP: 3/3
  1448 | D:2      | Noticed Ijyb
  1717 | D:2      | Reached XP level 4. HP: 19/28 MP: 4/4
  1739 | D:2      | Found a basalt altar of Yredelemnul.
  2103 | D:2      | Killed Ijyb
  2155 | D:3      | Noticed Sigmund
  2164 | D:3      | Killed Sigmund
  2164 | D:3      | Reached skill level 5 in Maces & Flails
  2164 | D:3      | Reached XP level 5. HP: 32/32 MP: 5/5
  2164 | D:3      | Reached XP level 6. HP: 37/37 MP: 6/6
  2597 | D:3      | Reached skill level 6 in Maces & Flails
  2779 | D:3      | Found a snail-covered altar of Cheibriados.
  3510 | D:4      | Reached XP level 7. HP: 22/41 MP: 7/7
  3823 | D:4      | Found a glowing golden altar of the Shining One.
  3829 | D:4      | Reached skill level 7 in Maces & Flails
  3889 | D:4      | Became a worshipper of the Shining One
  3889 | D:4      | Reached * piety under the Shining One
  3889 | D:4      | Reached ** piety under the Shining One
  3994 | D:4      | Reached skill level 1 in Invocations
  4285 | D:5      | Entered Level 5 of the Dungeon
  4383 | D:5      | Found a glowing drain.
  4403 | Sewer    | Entered a sewer
  5302 | Sewer    | Reached XP level 8. HP: 16/46 MP: 8/10
  5573 | D:5      | Reached skill level 8 in Maces & Flails
  5636 | D:5      | Found a bloodstained altar of Trog.
  5886 | D:5      | Found a staircase to the Ecumenical Temple.
  6502 | D:6      | Found a sacrificial altar of Ru.
  6506 | D:6      | Noticed Edmund
  6517 | D:6      | Killed Edmund
  6532 | D:6      | Reached *** piety under the Shining One
  6680 | D:7      | Reached skill level 5 in Invocations
  6715 | D:7      | Reached skill level 5 in Fighting
  6715 | D:7      | Reached skill level 9 in Maces & Flails
  6715 | D:7      | Reached XP level 9. HP: 52/54 MP: 11/13
  6854 | D:7      | Noticed Menkaure
  6871 | D:7      | Killed Menkaure
  7514 | D:7      | Reached skill level 1 in Armour
  7888 | D:8      | Reached **** piety under the Shining One
  8022 | D:8      | Reached XP level 10. HP: 61/61 MP: 15/15
  8092 | D:8      | Reached skill level 5 in Armour
  8174 | D:8      | Found an opulent altar of Gozag.
  8280 | D:8      | Found Pusoxtoe's Antique Armour Shop.
  8289 | D:8      | Bought a shiny scale mail for 128 gold pieces
  8302 | D:8      | Found a basalt altar of Yredelemnul.
  8369 | D:8      | Found a shattered altar of Ashenzari.
  8667 | D:9      | Found Ohainionn's Jewellery Shop.
  8696 | D:9      | Found a staircase to the Orcish Mines.
  8706 | D:10     | Entered Level 10 of the Dungeon
  8719 | D:10     | Reached skill level 1 in Shields
  8728 | D:10     | Reached skill level 10 in Maces & Flails
  8856 | D:9      | Noticed Kolbur's ghost (novice MfIE)
  8894 | D:9      | Killed Kolbur's ghost
 10080 | D:10     | Noticed a hill giant
 10450 | D:10     | Noticed an unseen horror
 10462 | D:10     | Killed an unseen horror
 10462 | D:10     | Reached skill level 11 in Maces & Flails
 10462 | D:10     | Reached XP level 11. HP: 51/66 MP: 10/16
 10554 | D:10     | Noticed a hill giant
 10573 | D:10     | Slain by a hill giant

Action                   |  1- 3 |  4- 6 |  7- 9 | 10-12 || total
-------------------------+-------+-------+-------+-------++-------
Melee: Club              |   133 |       |       |       ||   133
       Unarmed           |    18 |       |       |       ||    18
       Morningstar       |    22 |   139 |   390 |       ||   551
       Flail             |       |       |    54 |   358 ||   412
Invok: Divine Shield     |       |       |     1 |     1 ||     2
       Cleansing Flame   |       |       |       |     4 ||     4
Evoke: Wand              |       |     2 |       |       ||     2
  Use: Scroll            |     2 |     5 |    10 |     6 ||    23
       Potion            |       |     3 |     3 |       ||     6
 Stab: Sleeping          |     5 |     8 |     2 |       ||    15
  Eat: Chunk             |     3 |     6 |     8 |     4 ||    21
       Beef jerky        |       |       |     2 |     1 ||     3
       Bread ration      |       |       |     1 |       ||     1
       Royal jelly       |       |       |     1 |       ||     1
       Pizza             |       |       |     1 |       ||     1
